 Dungeon Crawl Stone Soup version 0.23-a0-650-ga4d50d4 (webtiles) character file.

29 Borgoz the Cutter (level 3, 0/28 HPs)
             Began as a Demonspawn Gladiator on Jan 2, 2019.
             Slain by a bat (1 damage)
             ... on level 2 of the Dungeon on Jan 3, 2019.
             The game lasted 00:07:54 (1227 turns).

Borgoz the Cutter (Demonspawn Gladiator)            Turns: 1227, Time: 00:07:55

Health: 0/28       AC:  4    Str: 14    XL:     3   Next: 1%
Magic:  3/3        EV: 13    Int:  9    God:
Gold:   51         SH:  0    Dex: 15    Spells: 2/2 levels left

rFire    + . .     SeeInvis .   a - +0 rapier
rCold    . . .     Gourm    .   (no shield)
rNeg     . . .     Faith    .   b - +0 leather armour
rPois    .         Spirit   .   c - +0 helmet
rElec    .         Reflect  .   (no cloak)
rCorr    .         Harm     .   (no gloves)
MR       .....                  (no boots)
Stlth    ++........             (no amulet)
HPRegen  0.09/turn              (no ring)
MPRegen  0.08/turn              (no ring)

@: no status effects
A: demonic guardian 1, fire resistance 1
a: no special abilities


You were on level 2 of the Dungeon.
You were very hungry.

You visited 1 branch of the dungeon, and saw 2 of its levels.

You collected 51 gold pieces.

Inventory:

Hand Weapons
 a - a +0 rapier (weapon)
 i - a +2 dagger of draining
Missiles
 d - 3 throwing nets (quivered)
Armour
 b - a +0 leather armour (worn)
 c - a +0 helmet (worn)
Scrolls
 e - a scroll of identify {unknown}
 h - 4 scrolls of blinking {unknown}
 j - a scroll of fog {unknown}
 k - a scroll of random uselessness {unknown}
 l - a scroll of enchant weapon {unknown}
 m - 2 scrolls of teleportation {unknown}
Potions
 g - a potion of curing {unknown}
Comestibles
 f - 2 rations


   Skills:
 + Level 2.4 Fighting
 + Level 3.0 Short Blades
 - Level 1.7 Throwing
 + Level 3.0 Dodging
 + Level 1.1 Stealth


You had 2 spell levels left.
You didn't know any spells.
Your spell library was empty.

Dungeon Overview and Level Annotations

Branches:
Dungeon (2/15)

Altars:
Wu Jian


Innate Abilities, Weirdness & Mutations

A weak demonic guardian rushes to your aid.
Your flesh is heat resistant. (rF+)


Message History

You hit the hobgoblin.
You kill the hobgoblin!
You have reached level 3!
Your experience leads to an increase in your attributes!
Increase (S)trength, (I)ntelligence, or (D)exterity?
You feel agile.
Your demonic ancestry asserts itself...
You feel resistant to heat.
You are feeling very hungry.
The bat hits you but does no damage. The hobgoblin hits you.
* * * LOW HITPOINT WARNING * * *
The bat hits you but does no damage.
You are too injured to fight recklessly!
Okay, then.
The bat closely misses you. The hobgoblin misses you.
The bat closely misses you. The bat hits you but does no damage.
The bat barely misses you. The bat hits you but does no damage.
The bat hits you.
You die...

#### #.#....... .
#.#.......#. ..
#####...)._.....
...###.....#..?....#
...........#.......
..(........##.....#
...........####.####.
...###...............
).....)†...gb@(......
.........###.....####
.........# #........#
$..##.#### #.........
... #. #....>.... ##
#. #####..... ..
..... .....


You could see a hobgoblin and a bat.

Vanquished Creatures
  6 bats
  2 giant cockroaches (D:1)
  4 goblins (D:1)
  5 hobgoblins
  2 frilled lizards (D:1)
  4 kobolds (D:1)
  2 rats (D:1)
25 creatures vanquished.

Notes
Turn   | Place    | Note
-------+----------+-------------------------------------------
     0 | D:1      | Borgoz the Demonspawn Gladiator began the quest for the
                  | Orb.
     0 | D:1      | Reached XP level 1. HP: 16/16 MP: 1/1
   176 | D:1      | Gained mutation: A weak demonic guardian rushes to your
                  | aid. [demonic ancestry]
   176 | D:1      | Reached XP level 2. HP: 12/22 MP: 2/2
   539 | D:1      | Reached skill level 1 in Stealth
  1193 | D:2      | Found an ornate altar of the Wu Jian Council.
  1221 | D:2      | Gained mutation: Your flesh is heat resistant. (rF+)
                  | [demonic ancestry]
  1221 | D:2      | Reached XP level 3. HP: 4/28 MP: 3/3
  1221 | D:2      | HP: 1/28 [hobgoblin (3)]
  1227 | D:2      | Slain by a bat

Vault maps used:
D:1:      roderic_lyre, minmay_misc_feat_secret_circle
D:2:      minmay_alternating_diamond, old_standard_altar, first_ration,
          minmay_misc_feat_cross, minmay_tripent

Skill      XL: |  1  2 |
---------------+-------+-----
Stealth        | 1 |  1.1
Short Blades   | 3 |  3.0
Dodging        | 3 |  3.0
Fighting       | |  2.4
Throwing       | |  1.7

Action                   || total
-------------------------++-------
Melee: Rapier            ||    85
 Stab: Sleeping          ||     2
Armor: Leather armour    ||    41
Dodge: Dodged            ||    85

Table legend:
 A = Non-vault XP
 B = Vault XP
 C = Vault XP percentage of total XP
 D = Non-vault monster count
 E = Vault monster count
 F = Vault count percentage of total count
                 A         B        C        D         E       F
            +---------+---------+-------+---------+---------+-------
      Total |      42 |       0 |   0.0 |      25 |       0 |   0.0
            +---------+---------+-------+---------+---------+-------
        D:1 |      39 |       0 |   0.0 |      23 |       0 |   0.0
        D:2 |       3 |       0 |   0.0 |       2 |       0 |   0.0
            +---------+---------+-------+---------+---------+-------
